 Dungeon Crawl Stone Soup version 0.31-a0-202-g547052bce9 (webtiles) character file.

Game seed: 4724974942150469167

9 qw the Shooter (level 2, -1/16 HPs)
             Began as a Deep Elf Hunter on June 26, 2023.
             Succumbed to their own poison gas
             ... on level 1 of the Dungeon.
             The game lasted 00:00:13 (540 turns).

qw the Shooter (Deep Elf Hunter)                     Turns: 540, Time: 00:00:13

Health: -1/16      AC:  3    Str:  8    XL:     2   Next: 3%
Magic:  4/4        EV: 12    Int: 13    God:
Gold:   24         SH:  0    Dex: 18    Spells: 1/1 levels left

rFire   . . .        Y - +0 shortbow
rCold   . . .        (shield currently unavailable)
rNeg    . . .        c - +0 leather armour
rPois   .            (no helmet)
rElec   .            (no cloak)
rCorr   .            (no gloves)
SInv    .            (no boots)
Will    .....        (no amulet)
Stlth   ++           (no ring)
HPRegen 0.22/turn    (no ring)
MPRegen 0.09/turn

%: no passive effects
@: lethally poisoned (-1 -> -15)
A: no striking features
a: no special abilities


You were on level 1 of the Dungeon.
You visited 1 branch of the dungeon, and saw 1 of its levels.

You collected 48 gold pieces.
You spent 24 gold pieces at shops.


   Skills:
 - Level 1.5 Fighting
 + Level 6.0 Ranged Weapons
 - Level 2.4 Dodging
 - Level 1.2 Stealth


You had one spell level left.
You didn't know any spells.
Your spell library was empty.

Inventory:

Hand Weapons
 Y - a +0 shortbow (weapon)
Armour
 c - a +0 leather armour (worn)
Potions
 d - a potion of attraction {unknown}
 f - a potion of curing {unknown}
 i - a potion of heal wounds {unknown}

Dungeon Overview and Level Annotations

Branches:
Dungeon (1/15)

Altars:

Shops:
D:1 [**


Message History

Done exploring.
533 ||| READING 2 scrolls labelled DYXZIN UPOZU.
As you read the scroll labelled DYXZIN UPOZU, it crumbles to dust.
You assume a fearsome visage.
Nothing appears to happen.
It was a scroll of fear.
Done exploring.
534 ||| READING 3 scrolls labelled EWIRHA FOEDWU.
As you read the scroll labelled EWIRHA FOEDWU, it crumbles to dust.
It is a scroll of amnesia.
You feel forgetful for a moment.
Done exploring.
535 ||| READING scroll labelled COB ONYPSINKUGG.
The air fills with toxic fumes!
As you read the scroll labelled COB ONYPSINKUGG, it crumbles to dust.
It was a scroll of poison.
Done exploring.
536 ||| DROPPING scroll of butterflies.
You drop a scroll of butterflies.
Done exploring.
537 ||| DROPPING scroll of fear.
You drop a scroll of fear.
Done exploring.
538 ||| DROPPING 2 scrolls of amnesia.
You drop 2 scrolls of amnesia.
Done exploring.
(D) Dungeon
Where to? (* - list waypoints, ? - help)
What level of the Dungeon? (default 1, ? - help) Sorry, I don't know how to get there.
Enter note:
Enter note:
Enter note:
Enter note:
Enter note:
Enter note:
Enter note:
Enter note:
Enter note: Really walk into that cloud of poison gas?
You are engulfed in poison gas.
You are lethally poisoned!
Ouch! That really hurt!
You feel very sick.
540 ||| Stepping ~*~*~tactically~*~*~ (cloud).
You die...

#################
######¤.........#
######¤########.########
######¤########.##......
######¤########.##.#####
######¤########.##.##..)
######¤########.#...#...
######¤@¤¤#####.........
######¤¤0¤####..........
#######¤¤0####.#........
########¤#####.##...#.##
########¤###....#####.##
########.#........# #.##
########.#.++++++.###...
########.#.+....+.:.####
#.#.+....+.#.####


There were no monsters in sight!

Vanquished Creatures
  A ball python (D:1)
  A hobgoblin (D:1)
  4 kobolds (D:1)
  A quokka (D:1)
  A frilled lizard (D:1)
8 creatures vanquished.

Notes
Turn   | Place    | Note
-------+----------+-------------------------------------------
     0 | D:1      | qw the Deep Elf Hunter began the quest for the Orb.
     0 | D:1      | Reached XP level 1. HP: 12/12 MP: 3/3
     0 | D:1      | 0 ||| qw: Version: 0.3-a-22-g0ed2b0b
     0 | D:1      | 0 ||| qw: Game counter: 5960
     0 | D:1      | 0 ||| qw: Melee chars always use a shield: true
     0 | D:1      | 0 ||| qw: God list: Okawaru
     0 | D:1      | 0 ||| qw: Allow faded altars: false
     0 | D:1      | 0 ||| qw: Do Orc after clearing Dungeon:15 true
     0 | D:1      | 0 ||| qw: Do second Lair branch before Depths: true
     0 | D:1      | 0 ||| qw: Lair rune preference: random
     0 | D:1      | 0 ||| qw: Goals: Normal
     0 | D:1      | 0 ||| PLANNING D:1-11
     1 | D:1      | Found Kiepib's Antique Armour Boutique.
    10 | D:1      | 10 ||| SHOPLISTING dyed leather armour (120 gold, have 0).
    10 | D:1      | 10 ||| SHOPLISTING embroidered scarf (192 gold, have 0).
    10 | D:1      | 10 ||| SHOPLISTING ichor-stained hat (216 gold, have 0).
    10 | D:1      | 10 ||| SHOPLISTING pair of bloodstained boots (228 gold,
                  | have 0).
    10 | D:1      | 10 ||| SHOPLISTING pair of embroidered gloves (180 gold,
                  | have 0).
    10 | D:1      | 10 ||| SHOPLISTING ring mail (96 gold, have 0).
    10 | D:1      | 10 ||| SHOPLISTING runed pearl dragon scales (2450 gold,
                  | have 0).
    93 | D:1      | Found Bycw's Assorted Antiques.
   104 | D:1      | 104 ||| SHOPLISTING 2 glowing pink potions (43 gold, have
                  | 25).
   104 | D:1      | 104 ||| SHOPLISTING 2 murky brown potions (43 gold, have
                  | 25).
   104 | D:1      | 104 ||| BUYING scroll labelled DYXZIN UPOZU (24 gold).
   104 | D:1      | Bought a scroll labelled DYXZIN UPOZU for 24 gold pieces
   104 | D:1      | 104 ||| SHOPLISTING scroll labelled EWIRHA FOEDWU (24 gold,
                  | have 1).
   104 | D:1      | 104 ||| SHOPLISTING scroll labelled XAUMAECZ NUOHE (24
                  | gold, have 1).
   104 | D:1      | 104 ||| SHOPLISTING scroll labelled YVOAVESATU (24 gold,
                  | have 1).
   220 | D:1      | Found a faded altar of an unknown god.
   251 | D:1      | Found Xuut's General Store.
   259 | D:1      | 259 ||| SHOPLISTING scroll of teleportation (30 gold, have
                  | 8).
   333 | D:1      | Reached skill level 6 in Ranged Weapons
   333 | D:1      | Reached XP level 2. HP: 7/16 MP: 4/4
   531 | D:1      | 531 ||| READING scroll labelled YNULUI QATA.
   532 | D:1      | 532 ||| READING scroll labelled YVVAXZ XUTEO.
   533 | D:1      | 533 ||| READING 2 scrolls labelled DYXZIN UPOZU.
   534 | D:1      | 534 ||| READING 3 scrolls labelled EWIRHA FOEDWU.
   535 | D:1      | 535 ||| READING scroll labelled COB ONYPSINKUGG.
   536 | D:1      | 536 ||| DROPPING scroll of butterflies.
   537 | D:1      | 537 ||| DROPPING scroll of fear.
   538 | D:1      | 538 ||| DROPPING 2 scrolls of amnesia.
   539 | D:1      | HP: 3/16 [poisoned by you (poison gas)]
   540 | D:1      | 540 ||| Stepping ~*~*~tactically~*~*~ (cloud).
   540 | D:1      | Succumbed to their own poison gas

Levels and vault maps discovered:
D:1:      lightli_arrival_maybe_door_vault, layout_loops_ring,
          dreamdust_ecumenical_altar_angels_and_demons, serial_shops, shop,
          shop, shop, hangedman_decor_riveting

Skill      XL: |  1 |
---------------+----+-----
Ranged Weapons | 6 |  6.0
Fighting       | |  1.5
Dodging        | |  2.4
Stealth        | |  1.2

Action                     || total
---------------------------++-------
   Fire: Shortbow          ||    39
    Use: Scroll            ||     5
 Armour: Leather armour    ||     5
  Dodge: Dodged            ||    19

Table legend:
 A = Non-vault XP
 B = Vault XP
 C = Vault XP percentage of total XP
 D = Non-vault monster count
 E = Vault monster count
 F = Vault count percentage of total count
                 A         B        C        D         E       F
            +---------+---------+-------+---------+---------+-------
      Total |      13 |       0 |   0.0 |       8 |       0 |   0.0
            +---------+---------+-------+---------+---------+-------
        D:1 |      13 |       0 |   0.0 |       8 |       0 |   0.0
            +---------+---------+-------+---------+---------+-------
